Map: Abyssal Reef LE

Players

Scarlett - Winner!

  • Race: Zerg Zerg
  • League: Diamond
  • Spawn Location: 11:00

FeaR

  • Race: Protoss Protoss
  • League: Master
  • Spawn Location: 5:00

Event: HomeStory Cup XVI

VOD

Have the link to the VOD?

Description

Time

  • Played on: Nov. 10, 2017, 4:52 p.m.
  • Length: 5:38

All games in this series

Show
View Real Time Build Order
Export as new Build Order

Scarlett Zerg - Winner!

Build Orders: Pool First 

Get SALT Encoding   

  12  0:00  Drone  
  13  0:12  Overlord  
  13  0:17  Drone  
  14  0:30  Drone x2  
  14  0:34  Drone  
  17  0:37  Extractor  
  16  0:45  Drone  
  17  0:50  Spawning Pool  
  17  0:56  Drone  
  17  1:07  Drone  
  18  1:17  Drone  
  19  1:27  Hatchery  
  18  1:38  Metabolic Boost  
  18  1:42  Queen  
  18  1:45  Drone  
  21  1:48  Zergling x2  
  22  1:55  Overlord  
  22  2:11  Evolution Chamber  
  22  2:13  Zergling x2  
  22  2:17  Queen, Zergling x2  
  22  2:22  Zergling x2  
  26  2:32  Zergling x2  
  26  2:36  Zerg Melee Weapons Level 1  
  27  2:41  Zergling x2  
  28  2:45  Zergling x2  
  28  2:49  Zergling x2  
  28  2:50  Zergling x4  
  31  3:06  Zergling x8  
  35  3:13  Zergling x2  
  35  3:18  Zergling x2  
  36  3:24  Zergling x2  
  36  3:26  Overlord  
  33  3:37  Overlord  
  33  3:38  Drone x3  
  32  3:50  Drone x2  
  34  3:58  Drone x7  
  40  4:09  Drone  
  40  4:10  Drone  
  41  4:19  Drone x2  
  40  4:24  Hatchery  
  40  4:28  Zergling x10  
  44  4:34  Zergling x2  
  44  4:35  Zergling x4  
  47  4:39  Extractor  
  47  4:42  Zergling x4  
  46  4:55  Zergling x10  
  46  4:57  Baneling Nest  
  50  5:01  Queen  
  52  5:12  Overlord x2  
Show
View Real Time Build Order
Export as new Build Order

FeaR Protoss 

Build Orders: Nexus First 

Get SALT Encoding   

  12  0:02  Probe (Chrono Boost)  
  14  0:14  Probe (Chrono Boost)  
  14  0:22  Pylon  
  14  0:27  Probe (Chrono Boost)  
  15  0:36  Probe (Chrono Boost)  
  16  0:44  Probe (Chrono Boost)  
  17  0:56  Probe (Chrono Boost)  
  18  1:04  Nexus  
  18  1:15  Gateway  
  19  1:20  Probe (Chrono Boost)  
  19  1:29  Probe (Chrono Boost)  
  19  1:31  Assimilator  
  20  1:35  Assimilator, Probe (Chrono Boost)  
  20  1:47  Gateway  
  21  1:50  Probe (Chrono Boost)  
  23  2:02  Probe (Chrono Boost), Cybernetics Core  
  23  2:18  Probe x2 (Chrono Boost)  
  25  2:28  Stalker  
  25  2:29  Adept, Pylon  
  27  2:30  Probe x2 (Chrono Boost)  
  27  2:42  Probe x2 (Chrono Boost)  
  33  2:54  Warp Gate, Probe (Chrono Boost)  
  33  2:56  Adept x2  
  34  2:59  Shield Battery  
  34  3:19  Pylon  
  32  3:28  Stalker  
  32  3:30  Pylon  
  32  3:34  Adept  
  32  3:35  Pylon  
  27  4:00  Shield Battery  
  27  4:01  Shield Battery  
  27  4:10  Adept  
  27  4:13  Probe (Chrono Boost)  
  24  4:19  Gateway  
  24  4:22  Probe (Chrono Boost)  
  22  4:25  Probe (Chrono Boost)  
  21  4:32  Probe (Chrono Boost)  
  22  4:41  Probe (Chrono Boost)  
  21  4:48  Probe (Chrono Boost)  
  22  4:53  Probe (Chrono Boost)  
  22  4:58  Sentry  
  25  5:00  Probe (Chrono Boost)  
  25  5:05  Probe (Chrono Boost)  
  26  5:09  Pylon  
  26  5:13  Probe (Chrono Boost)  
  27  5:17  Probe (Chrono Boost)  
  27  5:25  Probe (Chrono Boost)  
  27  5:27  Adept  
  29  5:32  Gateway  
Tags
 
Add a new tag
Caveats
  • Supply blocks, unpowered buildings, or Contaminate may cause inaccurate times.
  • Supply counts are checked every 10 seconds.